General information
- name: BNet
- type: Ladder team game (AT/RT)
- host: Battle.net
- saver: butter15
map: Monsoon
- players: 6
- length: 43:54
- speed: Fast
- version: 1.26 W3XP
- replay type:

» download(357 KB)
Players
team 1 (loser)

»
AdA-HiPoLyS (
blue | 51 APM | 2230 actions | 43:53)
4 Blademaster
2 Wind Walk
2 Critical Strike
2 Tauren Chieftain
1 War Stomp
1 Endurance Aura
» actions
| Assign group hotkey | 29 | |
| Basic commands | 17 | |
| Build / train | 86 | |
| Enter build submenu | 37 | |
| Enter hero's abilities submenu | 6 | |
| Give item / drop item | 5 | |
| Remove unit from queue | 1 | |
| Right click | 1285 | |
| Select / deselect | 590 | |
| Select group hotkey | 22 | |
| Use ability | 152 | |
2230 total
» units
| Peon | 24 | |
| Grunt | 4 | |
| Tauren | 10 | |
| Shaman | 6 | |
44 total
» upgrades
| Melee Weapons | 3 | |
| Berserker Strength | 1 | |
| Shaman Training | 2 | |
| Armor | 3 | |
| Reinforced Defenses | 1 | |
| Pulverize | 1 | |
| Pillage | 1 | |
| Burning Oil | 1 | |
| Ranged Weapons | 1 | |
| Spiked Barricades | 1 | |
15 total
» buildings
| Altar of Storms | 1 | |
| Orc Burrow | 8 | |
| Barracks | 1 | |
| Voodoo Lounge | 1 | |
| Stronghold | 1 | |
| War Mill | 1 | |
| Great Hall | 2 | |
| Spirit Lodge | 1 | |
| Fortress | 1 | |
| Tauren Totem | 2 | |
| Watch Tower | 38 | |
57 total
» build order
00:07 Altar of Storms
00:21 Orc Burrow
00:48 Barracks
01:30 Voodoo Lounge
01:43 Orc Burrow
02:22 Orc Burrow
04:08 Stronghold
04:12 Orc Burrow
04:33 War Mill
05:44 Orc Burrow
06:30 Great Hall
06:55 Spirit Lodge
07:12 Fortress
08:48 Orc Burrow
09:35 Tauren Totem
09:48 Tauren Totem
10:10 Orc Burrow
11:24 Watch Tower
11:26 Watch Tower
12:30 Watch Tower
12:31 Watch Tower
12:35 Watch Tower
12:36 Watch Tower
14:02 Watch Tower
14:03 Watch Tower
14:13 Watch Tower
14:15 Watch Tower
14:32 Watch Tower
17:11 Orc Burrow
17:54 Watch Tower
19:07 Watch Tower
23:24 Watch Tower
23:25 Watch Tower
23:26 Watch Tower
23:30 Watch Tower
26:37 Watch Tower
26:39 Watch Tower
26:40 Watch Tower
26:41 Watch Tower
26:43 Watch Tower
26:45 Watch Tower
27:11 Watch Tower
27:14 Watch Tower
27:15 Watch Tower
27:16 Watch Tower
27:17 Watch Tower
30:33 Watch Tower
30:35 Watch Tower
30:47 Watch Tower
30:48 Watch Tower
30:49 Watch Tower
30:51 Watch Tower
31:57 Watch Tower
35:35 Great Hall
36:58 Watch Tower
36:59 Watch Tower
39:11 Watch Tower
» items
| Healing Salve | 6 | |
| Scroll of Speed | 1 | |
| Potion of Healing | 1 | |
| Orb of Lightning | 1 | |
| Dust of Appearance | 1 | |
| Staff of Teleportation | 1 | |
| Lesser Clarity Potion | 1 | |
| Boots of Speed | 1 | |
| Circlet of Nobility | 1 | |
| Periapt of Vitality | 1 | |
| Potion of Mana | 1 | |
16 total

»
Dahahaha (
green | 47 APM | 2031 actions | 43:29)
5 Demon Hunter
3 Mana Burn
2 Evasion
4 Naga Sea Witch
2 Frost Arrows
2 Forked Lightning
» actions
| Assign group hotkey | 221 | |
| Basic commands | 6 | |
| Build / train | 106 | |
| Enter build submenu | 28 | |
| Enter hero's abilities submenu | 9 | |
| Give item / drop item | 1 | |
| Remove unit from queue | 3 | |
| Right click | 974 | |
| Select / deselect | 397 | |
| Select group hotkey | 165 | |
| Use ability | 121 | |
2031 total
» units
| Wisp | 50 | |
| Huntress | 3 | |
| Chimaera | 7 | |
| Mountain Giant | 1 | |
| Glaive Thrower | 3 | |
64 total
» upgrades
| Reinforced Hides | 3 | |
| Strength of the Wild | 3 | |
| Well Spring | 1 | |
| Corrosive Breath | 1 | |
| Nature's Blessing | 1 | |
| Druid of the Claw Training | 2 | |
| Hardened Skin | 1 | |
| Resistant Skin | 1 | |
| Abolish Magic | 1 | |
| Vorpal Blades | 1 | |
| Strength of the Moon | 3 | |
| Moon Armor | 3 | |
21 total
» buildings
| Altar of Elders | 1 | |
| Moon Well | 6 | |
| Hunter's Hall | 1 | |
| Ancient of War | 2 | |
| Ancient of Wonders | 2 | |
| Tree of Ages | 1 | |
| Tree of Life | 4 | |
| Tree of Eternity | 1 | |
| Ancient of Lore | 4 | |
| Ancient of Wind | 1 | |
| Chimaera Roost | 2 | |
| Ancient Protector | 18 | |
43 total
» build order
00:09 Altar of Elders
00:19 Moon Well
01:20 Hunter's Hall
01:47 Ancient of War
01:59 Ancient of Wonders
02:31 Moon Well
03:20 Tree of Ages
04:54 Moon Well
05:22 Tree of Life
07:09 Tree of Eternity
07:14 Moon Well
08:02 Ancient of Lore
08:47 Ancient of Wind
09:57 Chimaera Roost
09:58 Chimaera Roost
10:51 Moon Well
10:51 Moon Well
11:57 Ancient of Lore
12:41 Ancient Protector
14:10 Ancient Protector
14:17 Ancient Protector
14:21 Ancient Protector
14:30 Ancient Protector
14:30 Ancient Protector
14:31 Ancient Protector
14:32 Ancient Protector
14:34 Ancient Protector
15:57 Tree of Life
18:55 Ancient of Lore
18:55 Ancient of Lore
21:57 Tree of Life
21:59 Ancient Protector
22:00 Ancient Protector
22:01 Ancient Protector
22:02 Ancient Protector
22:03 Ancient Protector
22:03 Ancient Protector
22:08 Ancient Protector
24:56 Ancient of Wonders
27:30 Ancient Protector
27:31 Ancient Protector
28:58 Tree of Life
32:44 Ancient of War
» items
| Orb of Venom | 1 | |
| Staff of Preservation | 2 | |
| Dust of Appearance | 1 | |
| Scroll of Town Portal | 2 | |
6 total

»
TcL (
teal | 97 APM | 4194 actions | 43:06)
6 Death Knight
3 Death Coil
2 Unholy Aura
1 Animate Dead
4 Lich
2 Frost Nova
2 Frost Armor
» actions
| Assign group hotkey | 779 | |
| Basic commands | 109 | |
| Build / train | 103 | |
| Enter build submenu | 19 | |
| Enter hero's abilities submenu | 10 | |
| Give item / drop item | 5 | |
| Right click | 1802 | |
| Select / deselect | 615 | |
| Select group hotkey | 606 | |
| Use ability | 146 | |
4194 total
» units
| Acolyte | 16 | |
| Ghoul | 6 | |
| Crypt Fiend | 7 | |
| Obsidian Statue | 3 | |
| Meatwagon | 9 | |
| Frost Wyrm | 15 | |
56 total
» upgrades
| Creature Attack | 3 | |
| Burrow | 1 | |
| Unholy Strength | 3 | |
| Creature Carapace | 3 | |
| Web | 1 | |
| Disease Cloud | 1 | |
| Freezing Breath | 1 | |
13 total
» buildings
| Graveyard | 2 | |
| Crypt | 1 | |
| Altar of Darkness | 1 | |
| Ziggurat | 14 | |
| Tomb of Relics | 1 | |
| Nerubian Tower | 1 | |
| Halls of the Dead | 1 | |
| Slaughterhouse | 2 | |
| Black Citadel | 1 | |
| Spirit Tower | 8 | |
| Sacrificial Pit | 1 | |
| Boneyard | 1 | |
34 total
» build order
00:14 Graveyard
00:21 Crypt
00:39 Altar of Darkness
00:54 Ziggurat
01:26 Tomb of Relics
01:58 Ziggurat
02:31 Nerubian Tower
03:56 Halls of the Dead
04:37 Ziggurat
05:45 Ziggurat
06:33 Slaughterhouse
08:20 Ziggurat
08:33 Ziggurat
08:53 Ziggurat
09:12 Slaughterhouse
11:18 Black Citadel
11:24 Spirit Tower
11:31 Spirit Tower
12:33 Sacrificial Pit
12:45 Spirit Tower
14:17 Ziggurat
14:17 Ziggurat
14:45 Boneyard
17:08 Spirit Tower
17:10 Spirit Tower
24:26 Graveyard
26:24 Spirit Tower
26:24 Spirit Tower
26:26 Spirit Tower
27:17 Ziggurat
27:18 Ziggurat
27:19 Ziggurat
27:19 Ziggurat
27:19 Ziggurat
» items
| Rod of Necromancy | 2 | |
| Dust of Appearance | 3 | |
| Sacrificial Skull | 1 | |
| Orb of Corruption | 1 | |
| Potion of Healing | 3 | |
| Scroll of Town Portal | 1 | |
11 total
team 2 (winner)
butter15 (
red | 140 APM | 6160 actions | 43:54)
8 Blademaster
3 Wind Walk
3 Critical Strike
1 Bladestorm
1 Mirror Image
» actions
| Assign group hotkey | 31 | |
| Basic commands | 10 | |
| Build / train | 93 | |
| ESC pressed | 2 | |
| Enter build submenu | 63 | |
| Enter hero's abilities submenu | 9 | |
| Give item / drop item | 6 | |
| Remove unit from queue | 16 | |
| Right click | 4449 | |
| Select / deselect | 332 | |
| Select group hotkey | 763 | |
| Use ability | 386 | |
6160 total
» units
» upgrades
| Liquid Fire | 1 | |
| Ranged Weapons | 3 | |
| Armor | 2 | |
| Troll Regeneration | 1 | |
7 total
» buildings
| Altar of Storms | 1 | |
| Orc Burrow | 7 | |
| War Mill | 2 | |
| Voodoo Lounge | 3 | |
| Watch Tower | 52 | |
| Stronghold | 1 | |
| Beastiary | 2 | |
| Fortress | 2 | |
| Great Hall | 1 | |
| Barracks | 1 | |
72 total
» build order
00:08 Altar of Storms
00:20 Orc Burrow
00:36 War Mill
01:13 Voodoo Lounge
01:59 Watch Tower
02:23 Watch Tower
02:37 Watch Tower
03:45 Watch Tower
03:48 Watch Tower
04:29 Watch Tower
04:31 Stronghold
04:34 Orc Burrow
04:35 Orc Burrow
05:19 Watch Tower
05:21 Watch Tower
05:23 Watch Tower
05:24 Watch Tower
05:30 Orc Burrow
06:19 Voodoo Lounge
06:21 Voodoo Lounge
06:31 Orc Burrow
06:52 Watch Tower
07:05 Beastiary
07:06 Beastiary
07:28 Watch Tower
07:34 Watch Tower
07:35 Watch Tower
07:37 Watch Tower
08:44 Watch Tower
08:45 Watch Tower
08:47 Watch Tower
08:48 Watch Tower
08:50 Watch Tower
08:51 Watch Tower
09:35 Fortress
09:36 Fortress
11:40 Watch Tower
12:40 Watch Tower
12:44 Watch Tower
12:45 Watch Tower
15:05 Great Hall
16:01 Watch Tower
16:49 Watch Tower
16:54 Watch Tower
16:54 Watch Tower
16:55 Watch Tower
17:09 Watch Tower
17:10 Watch Tower
17:11 Watch Tower
17:11 Watch Tower
18:11 Watch Tower
18:12 Watch Tower
18:21 Watch Tower
18:22 Watch Tower
18:22 Watch Tower
18:23 Watch Tower
18:23 Watch Tower
18:24 Watch Tower
19:21 Orc Burrow
19:57 Barracks
22:20 Watch Tower
23:02 Watch Tower
23:30 Watch Tower
24:58 Watch Tower
25:56 Watch Tower
28:47 Watch Tower
29:41 Watch Tower
29:42 Watch Tower
29:43 Watch Tower
29:44 Watch Tower
39:06 War Mill
39:07 Orc Burrow
» items
| Boots of Speed | 1 | |
| Staff of Teleportation | 1 | |
| Healing Salve | 4 | |
| Lesser Clarity Potion | 5 | |
| Orb of Lightning | 1 | |
12 total
Tight_Jeans (
pink | 117 APM | 5142 actions | 43:53)
5 Goblin Tinker
3 Pocket Factory
2 Engineering Upgrade
5 Beastmaster
2 Summon Quilbeast
3 Summon Hawk
3 Goblin Alchemist
2 Chemical Rage
1 Healing Spray
» actions
| Assign group hotkey | 18 | |
| Basic commands | 540 | |
| Build / train | 81 | |
| ESC pressed | 2 | |
| Enter build submenu | 22 | |
| Enter hero's abilities submenu | 13 | |
| Give item / drop item | 4 | |
| Right click | 2858 | |
| Select / deselect | 738 | |
| Select group hotkey | 674 | |
| Use ability | 191 | |
5142 total
» units
» upgrades
| Nature's Blessing | 1 | |
| Ultravision | 1 | |
| Strength of the Wild | 3 | |
| Reinforced Hides | 2 | |
| Well Spring | 1 | |
8 total
» buildings
| Altar of Elders | 2 | |
| Moon Well | 15 | |
| Tree of Ages | 1 | |
| Hunter's Hall | 1 | |
| Tree of Life | 2 | |
| Ancient of Wonders | 1 | |
| Tree of Eternity | 1 | |
| Ancient of Wind | 1 | |
| Chimaera Roost | 1 | |
25 total
» build order
00:07 Altar of Elders
00:20 Moon Well
01:14 Moon Well
04:05 Moon Well
05:25 Moon Well
05:29 Moon Well
06:15 Tree of Ages
06:19 Hunter's Hall
07:18 Tree of Life
07:26 Moon Well
07:28 Moon Well
07:44 Ancient of Wonders
10:42 Tree of Eternity
13:20 Tree of Life
14:10 Ancient of Wind
14:27 Moon Well
14:32 Moon Well
18:59 Moon Well
19:01 Moon Well
19:01 Moon Well
19:02 Moon Well
19:03 Moon Well
19:03 Moon Well
20:29 Altar of Elders
20:49 Chimaera Roost
» items
| Boots of Speed | 3 | |
| Staff of Teleportation | 3 | |
| Orb of Lightning | 3 | |
| Scroll of Town Portal | 4 | |
| Circlet of Nobility | 3 | |
| Periapt of Vitality | 1 | |
| Staff of Preservation | 1 | |
18 total
TIMG4STRok (
purple | 126 APM | 5529 actions | 43:53)
4 Archmage
2 Blizzard
2 Brilliance Aura
4 Mountain King
2 Storm Bolt
2 Bash
3 Paladin
2 Holy Light
1 Divine Shield
» actions
| Assign group hotkey | 10 | |
| Basic commands | 54 | |
| Build / train | 199 | |
| ESC pressed | 9 | |
| Enter build submenu | 205 | |
| Enter hero's abilities submenu | 11 | |
| Give item / drop item | 4 | |
| Right click | 2264 | |
| Select / deselect | 615 | |
| Select group hotkey | 1535 | |
| Use ability | 623 | |
5529 total
» units
» upgrades
| Masonry | 3 | |
| Magic Sentry | 1 | |
| Lumber Harvesting | 2 | |
6 total
» buildings
| Lumber Mill | 2 | |
| Altar of Kings | 2 | |
| Farm | 3 | |
| Scout Tower | 366 | |
| Arcane Tower | 8 | |
| Guard Tower | 125 | |
| Keep | 1 | |
| Town Hall | 1 | |
| Castle | 1 | |
| Arcane Sanctum | 1 | |
| Arcane Vault | 5 | |
515 total
» build order
00:16 Lumber Mill
00:21 Altar of Kings
00:34 Farm
01:17 Scout Tower
01:21 Scout Tower
01:29 Scout Tower
01:32 Farm
01:48 Arcane Tower
02:02 Scout Tower
02:06 Arcane Tower
02:13 Guard Tower
02:14 Guard Tower
02:14 Guard Tower
02:21 Scout Tower
02:29 Scout Tower
02:40 Guard Tower
02:42 Scout Tower
02:42 Scout Tower
03:15 Guard Tower
03:49 Guard Tower
03:50 Scout Tower
03:52 Scout Tower
04:19 Scout Tower
04:32 Scout Tower
04:33 Scout Tower
04:34 Scout Tower
04:44 Guard Tower
04:45 Scout Tower
04:46 Scout Tower
05:02 Guard Tower
05:03 Scout Tower
05:17 Guard Tower
05:18 Keep
05:20 Guard Tower
05:36 Guard Tower
05:38 Scout Tower
05:39 Scout Tower
06:10 Guard Tower
06:17 Town Hall
06:25 Scout Tower
06:26 Scout Tower
06:31 Scout Tower
06:32 Scout Tower
06:34 Guard Tower
06:35 Scout Tower
06:36 Scout Tower
07:05 Guard Tower
07:09 Farm
07:30 Scout Tower
07:30 Scout Tower
07:33 Arcane Tower
07:39 Guard Tower
07:42 Scout Tower
07:43 Scout Tower
07:48 Guard Tower
07:51 Scout Tower
08:11 Castle
08:23 Guard Tower
08:25 Scout Tower
08:38 Guard Tower
08:42 Scout Tower
08:42 Scout Tower
08:57 Arcane Sanctum
08:59 Guard Tower
09:04 Scout Tower
09:05 Scout Tower
09:06 Scout Tower
09:13 Guard Tower
10:43 Arcane Vault
10:44 Arcane Vault
10:49 Arcane Vault
10:53 Guard Tower
10:55 Arcane Vault
10:57 Guard Tower
11:00 Scout Tower
11:00 Scout Tower
11:02 Guard Tower
11:14 Guard Tower
11:15 Scout Tower
11:16 Scout Tower
11:16 Scout Tower
11:38 Scout Tower
11:38 Scout Tower
11:39 Scout Tower
11:39 Scout Tower
11:40 Scout Tower
11:40 Scout Tower
11:54 Guard Tower
12:36 Scout Tower
12:37 Scout Tower
12:38 Scout Tower
12:40 Guard Tower
12:42 Scout Tower
12:43 Scout Tower
12:43 Scout Tower
12:44 Scout Tower
12:44 Scout Tower
12:50 Scout Tower
12:51 Scout Tower
12:51 Scout Tower
12:52 Scout Tower
13:05 Scout Tower
13:05 Scout Tower
13:06 Scout Tower
13:07 Scout Tower
13:08 Scout Tower
13:12 Scout Tower
13:14 Scout Tower
13:15 Scout Tower
13:15 Scout Tower
13:16 Guard Tower
13:17 Scout Tower
13:18 Scout Tower
13:25 Arcane Tower
13:59 Arcane Tower
14:07 Guard Tower
14:08 Guard Tower
14:29 Arcane Tower
14:34 Scout Tower
14:34 Scout Tower
14:35 Scout Tower
14:35 Scout Tower
14:44 Guard Tower
14:46 Scout Tower
14:47 Scout Tower
14:47 Scout Tower
14:48 Guard Tower
14:50 Scout Tower
14:50 Scout Tower
14:51 Scout Tower
14:51 Scout Tower
14:54 Arcane Vault
14:55 Guard Tower
14:58 Scout Tower
14:59 Scout Tower
15:00 Scout Tower
15:00 Scout Tower
15:51 Guard Tower
15:52 Scout Tower
15:53 Scout Tower
16:54 Guard Tower
16:56 Scout Tower
16:56 Scout Tower
16:57 Scout Tower
16:57 Scout Tower
17:14 Scout Tower
17:15 Scout Tower
17:15 Scout Tower
17:16 Scout Tower
17:25 Scout Tower
17:27 Scout Tower
17:28 Scout Tower
17:28 Scout Tower
17:29 Scout Tower
17:29 Scout Tower
17:31 Guard Tower
17:32 Guard Tower
17:59 Guard Tower
18:20 Guard Tower
18:21 Scout Tower
18:22 Scout Tower
18:22 Scout Tower
18:23 Scout Tower
18:24 Scout Tower
18:24 Scout Tower
18:27 Scout Tower
18:28 Scout Tower
18:28 Scout Tower
18:29 Scout Tower
18:29 Scout Tower
18:30 Scout Tower
18:33 Scout Tower
18:34 Scout Tower
18:36 Scout Tower
18:36 Scout Tower
18:37 Scout Tower
18:38 Scout Tower
18:38 Scout Tower
18:38 Scout Tower
19:25 Scout Tower
19:26 Scout Tower
19:27 Scout Tower
19:28 Guard Tower
19:39 Guard Tower
19:42 Guard Tower
19:44 Guard Tower
19:54 Lumber Mill
20:35 Guard Tower
20:40 Guard Tower
20:48 Arcane Tower
20:49 Arcane Tower
21:04 Guard Tower
21:07 Guard Tower
21:07 Guard Tower
21:13 Scout Tower
21:14 Scout Tower
21:14 Scout Tower
21:15 Scout Tower
21:15 Scout Tower
21:16 Scout Tower
21:17 Scout Tower
21:21 Guard Tower
21:24 Scout Tower
21:25 Scout Tower
21:25 Scout Tower
21:26 Scout Tower
21:42 Guard Tower
21:59 Scout Tower
22:00 Scout Tower
22:01 Scout Tower
22:01 Scout Tower
22:02 Scout Tower
22:03 Scout Tower
22:03 Scout Tower
22:04 Scout Tower
22:07 Altar of Kings
22:14 Scout Tower
22:14 Scout Tower
22:15 Scout Tower
22:15 Scout Tower
22:26 Guard Tower
22:29 Guard Tower
22:30 Guard Tower
22:35 Guard Tower
22:36 Scout Tower
22:37 Scout Tower
22:37 Scout Tower
22:38 Scout Tower
22:53 Guard Tower
23:02 Scout Tower
23:03 Scout Tower
23:04 Scout Tower
23:05 Scout Tower
23:09 Guard Tower
23:12 Guard Tower
23:12 Guard Tower
23:12 Guard Tower
23:15 Guard Tower
23:15 Guard Tower
23:15 Guard Tower
23:15 Guard Tower
23:17 Guard Tower
23:20 Scout Tower
23:21 Scout Tower
23:21 Scout Tower
23:22 Scout Tower
23:23 Scout Tower
23:23 Scout Tower
23:25 Guard Tower
23:29 Scout Tower
23:30 Scout Tower
23:31 Scout Tower
23:31 Scout Tower
23:32 Scout Tower
23:32 Scout Tower
24:08 Guard Tower
24:18 Guard Tower
24:19 Guard Tower
24:19 Guard Tower
24:21 Guard Tower
24:22 Guard Tower
24:24 Guard Tower
24:26 Scout Tower
24:27 Scout Tower
24:27 Scout Tower
24:28 Scout Tower
24:28 Scout Tower
24:30 Scout Tower
24:33 Scout Tower
24:33 Scout Tower
24:34 Scout Tower
24:34 Scout Tower
24:35 Scout Tower
24:35 Scout Tower
24:36 Scout Tower
24:37 Scout Tower
24:59 Guard Tower
25:24 Scout Tower
25:25 Scout Tower
25:25 Scout Tower
25:27 Scout Tower
25:27 Scout Tower
25:30 Guard Tower
25:44 Guard Tower
26:30 Guard Tower
26:31 Scout Tower
26:32 Scout Tower
26:33 Scout Tower
26:34 Scout Tower
26:34 Scout Tower
26:35 Scout Tower
26:39 Scout Tower
26:40 Scout Tower
26:42 Scout Tower
26:43 Scout Tower
26:45 Scout Tower
26:48 Guard Tower
26:51 Scout Tower
26:52 Scout Tower
26:53 Scout Tower
26:54 Scout Tower
26:54 Scout Tower
26:55 Scout Tower
26:57 Guard Tower
26:59 Scout Tower
27:00 Scout Tower
27:00 Scout Tower
27:01 Scout Tower
27:02 Scout Tower
27:03 Scout Tower
27:04 Scout Tower
27:05 Scout Tower
27:05 Scout Tower
27:06 Scout Tower
27:07 Guard Tower
27:09 Scout Tower
27:10 Scout Tower
27:11 Scout Tower
27:11 Scout Tower
27:59 Guard Tower
28:01 Scout Tower
28:02 Scout Tower
28:02 Scout Tower
28:03 Scout Tower
28:04 Scout Tower
28:47 Guard Tower
28:49 Guard Tower
29:01 Guard Tower
29:03 Guard Tower
29:07 Scout Tower
29:08 Scout Tower
29:09 Scout Tower
29:12 Guard Tower
29:18 Scout Tower
29:19 Scout Tower
29:19 Scout Tower
29:29 Scout Tower
29:30 Scout Tower
29:30 Scout Tower
29:31 Scout Tower
29:31 Scout Tower
29:32 Scout Tower
29:35 Guard Tower
29:37 Scout Tower
29:38 Scout Tower
29:38 Scout Tower
29:40 Scout Tower
29:43 Guard Tower
29:45 Scout Tower
29:46 Scout Tower
29:46 Scout Tower
29:47 Scout Tower
29:48 Scout Tower
29:48 Scout Tower
30:01 Guard Tower
30:02 Guard Tower
30:09 Scout Tower
30:09 Scout Tower
30:10 Scout Tower
30:11 Scout Tower
30:12 Scout Tower
30:13 Scout Tower
30:13 Scout Tower
30:14 Scout Tower
30:14 Scout Tower
30:15 Scout Tower
30:26 Guard Tower
30:33 Guard Tower
30:43 Guard Tower
30:45 Scout Tower
30:46 Scout Tower
30:48 Scout Tower
30:49 Scout Tower
30:50 Scout Tower
30:51 Scout Tower
30:57 Scout Tower
30:58 Scout Tower
30:58 Scout Tower
30:59 Scout Tower
30:59 Scout Tower
31:00 Scout Tower
31:02 Guard Tower
31:07 Guard Tower
31:09 Guard Tower
31:11 Guard Tower
31:15 Guard Tower
31:27 Guard Tower
31:29 Scout Tower
31:30 Scout Tower
31:31 Scout Tower
31:32 Scout Tower
31:32 Scout Tower
31:33 Scout Tower
31:48 Scout Tower
31:50 Scout Tower
32:02 Scout Tower
32:03 Scout Tower
32:04 Scout Tower
32:05 Scout Tower
32:12 Guard Tower
32:19 Scout Tower
32:20 Scout Tower
32:21 Scout Tower
32:22 Guard Tower
32:33 Guard Tower
32:36 Guard Tower
32:39 Scout Tower
32:40 Scout Tower
32:40 Scout Tower
32:41 Scout Tower
32:41 Scout Tower
32:44 Scout Tower
32:44 Scout Tower
32:45 Scout Tower
32:45 Scout Tower
32:46 Scout Tower
32:47 Scout Tower
32:48 Guard Tower
32:50 Scout Tower
32:51 Scout Tower
32:52 Scout Tower
32:52 Scout Tower
32:54 Scout Tower
32:54 Scout Tower
32:57 Scout Tower
32:57 Scout Tower
32:58 Scout Tower
32:58 Scout Tower
32:59 Scout Tower
33:00 Guard Tower
33:26 Guard Tower
33:38 Scout Tower
33:39 Scout Tower
33:40 Guard Tower
34:19 Guard Tower
34:21 Scout Tower
34:21 Scout Tower
34:21 Scout Tower
34:22 Scout Tower
34:39 Scout Tower
34:40 Scout Tower
34:41 Scout Tower
35:12 Guard Tower
35:16 Scout Tower
35:16 Scout Tower
35:17 Scout Tower
35:30 Guard Tower
35:35 Scout Tower
35:35 Scout Tower
35:36 Scout Tower
35:36 Scout Tower
35:37 Guard Tower
35:39 Scout Tower
35:39 Scout Tower
35:40 Scout Tower
35:44 Scout Tower
35:44 Scout Tower
35:45 Scout Tower
35:46 Scout Tower
35:46 Scout Tower
36:03 Scout Tower
36:04 Scout Tower
36:09 Scout Tower
36:10 Scout Tower
36:11 Scout Tower
36:40 Guard Tower
36:43 Guard Tower
36:47 Guard Tower
38:00 Guard Tower
38:02 Scout Tower
38:02 Scout Tower
38:03 Scout Tower
38:04 Scout Tower
38:04 Scout Tower
38:04 Scout Tower
38:20 Guard Tower
38:24 Scout Tower
38:24 Scout Tower
38:25 Scout Tower
38:25 Scout Tower
38:30 Scout Tower
38:31 Scout Tower
38:31 Scout Tower
38:32 Scout Tower
38:33 Scout Tower
38:33 Scout Tower
38:35 Guard Tower
38:41 Scout Tower
38:41 Scout Tower
38:42 Scout Tower
38:43 Scout Tower
39:05 Guard Tower
40:27 Guard Tower
40:28 Guard Tower
40:31 Scout Tower
40:33 Scout Tower
40:34 Scout Tower
41:12 Guard Tower
42:24 Scout Tower
42:25 Scout Tower
42:25 Scout Tower
42:27 Guard Tower
42:29 Scout Tower
42:29 Scout Tower
42:30 Scout Tower
42:31 Scout Tower
42:31 Scout Tower
42:32 Scout Tower
43:20 Scout Tower
43:20 Scout Tower
43:25 Guard Tower
» items
| Staff of Teleportation | 3 | |
| Boots of Speed | 3 | |
| Orb of Lightning | 3 | |
| Staff of Sanctuary | 3 | |
| Potion of Healing | 1 | |
| Healing Salve | 1 | |
| Scroll of Town Portal | 1 | |
15 total
Chat log
(32:14 / All) butter15: hi guys sorry i was afk
(32:15 / All) TIMG4STRok: pls
(32:16 / All) butter15: lol!
(34:22 / All) butter15: u sure??
(34:23 / All) butter15: abt this
(34:24 / All) TIMG4STRok: welcome 2 top half
(34:27 / All) TIMG4STRok: enjoy u're stay
(37:39 / All) TIMG4STRok: OH MY GOD
(37:40 / All) TIMG4STRok: eAT MY SHIT
(40:03 / All) TIMG4STRok: SEEYA SHITLROD
(40:12 / All) TIMG4STRok: i call that staff 'n' laugh
(40:25 / All) TIMG4STRok: i staff and then i laugh because you stink !!!
(40:29 / All) butter15: an ancient tip. death knights hate it
(41:18 / All) TIMG4STRok: get this weak shit out of here
(43:09 / All) TIMG4STRok: bye
(43:09 / All) Tight_Jeans: goodbye
(43:10 / All) butter15: http://highper.ch
(43:37 / All) TIMG4STRok: da ha ha ha ha ha
(43:40 / All) TIMG4STRok: thats me this game